 Dungeon Crawl Stone Soup version 0.30-a0-368-g86fb4627a9 (webtiles) character file.

Game seed: 11883097975474523568

1429 oldriver the Thaumaturge (level 8, -2/65 HPs)
             Began as a Mummy Necromancer on Nov 19, 2022.
             Killed from afar by a steam dragon (30 damage)
             ... with a ball of steam
             ... on level 6 of the Dungeon.
             The game lasted 00:07:54 (6294 turns).

oldriver the Thaumaturge (Mummy Necromancer)        Turns: 6294, Time: 00:07:55

Health: -2/65      AC: 10    Str: 18    XL:     8   Next: 44%
Magic:  1/20       EV: 12    Int: 16    God:
Gold:   296        SH:  0    Dex: 12    Spells: 13/23 levels left

rFire   x . .      SeeInvis .    j - +7 dire flail (protect)
rCold   + + .      Faith    +    (shield currently unavailable)
rNeg    + + +      Spirit   .    l - +2 animal skin
rPois   ∞          Reflect  .    n - +0 helmet
rElec   .          Harm     .    a - +0 cloak
rCorr   .          Rampage  .    k - +2 pair of gloves
Will    +....                    c - +0 pair of boots
Stlth   ++........               b - amulet of regeneration
HPRegen 1.10/turn                d - ring of protection from cold
MPRegen 0.17/turn                h - +6 ring of strength

@: very slightly contaminated
A: cold resistance 1, negative energy resistance 3, torment resistance 2, heat
vulnerability 1, in touch with death 1, no potions, faith
a: no special abilities


You were on level 6 of the Dungeon.
You visited 1 branch of the dungeon, and saw 6 of its levels.

You collected 296 gold pieces.

Inventory:

Hand Weapons
 j - a +7 dire flail of protection (weapon)
Armour
 a - a +0 cloak (worn)
 c - a +0 pair of boots (worn)
 k - a +2 pair of gloves (worn)
 l - a +2 animal skin (worn)
 n - a +0 helmet (worn)
Jewellery
 b - an amulet of regeneration (around neck)
 d - a ring of protection from cold (left hand)
 h - a +6 ring of strength (right hand)
Wands
 g - a wand of roots (3)
Scrolls
 e - a scroll of vulnerability {unknown}
 f - a scroll of amnesia
 i - a scroll of poison {unknown}
 m - 2 scrolls of butterflies
 o - 3 scrolls of identify
 p - a scroll of fear
 q - a scroll of immolation {unknown}


   Skills:
 + Level 6.4 Fighting
 + Level 2.5 Armour
 - Level 1.5 Dodging
 - Level 1.5 Stealth
 + Level 8.3 Spellcasting
 + Level 2.4 Summonings
 - Level 4.0 Necromancy


You had 13 spell levels left.
You knew the following spells:

 Your Spells              Type           Power      Damage    Failure   Level
a - Necrotise             Necr           100%       1d9       1%          1
b - Vampiric Draining     Necr           29%        2d8       6%          3
c - Animate Dead          Necr           29%        N/A       21%         4
i - Call Imp              Summ           14%        N/A       6%          2

Your spell library contained the following spells:

 Spells                   Type           Power      Damage    Failure   Level
 Magic Dart               Conj           24%        1d4       11%         1
 Gell's Gravitas          Tloc           6%         N/A       32%         3
 Mephitic Cloud           Conj/Pois/Air  6%         N/A       32%         3
 Teleport Other           Tloc           6%         N/A       32%         3
 Agony                    Necr           29%        N/A       50%         5
 Dispersal                Tloc           3%         N/A       100%        6


Dungeon Overview and Level Annotations

Branches:
Dungeon (6/15)
 Temple: D:4-7

Altars:
Ashenzari
Yredelemnul

Shops:
D:2 [   D:6 =


Innate Abilities, Weirdness & Mutations

You are immune to poison.
Your flesh is cold resistant. (rC+)
You are immune to negative energy. (rN+++)
You are immune to unholy pain and torment.
You are vulnerable to heat. (rF-)
You are in touch with the powers of death.
You do not drink.
You have a special connection with the divine. (Faith)


Message History

A steam dragon is nearby!
A steam dragon is nearby!
A steam dragon is nearby!
A steam dragon is nearby!
You feel a surge of power!
The steam dragon writhes in agony.
You feel a surge of power!
The steam dragon writhes in agony!
You feel a surge of power!
The steam dragon writhes in agony.
The steam dragon breathes steam at you. The ball of steam hits you!
The steam scalds you terribly!
You are engulfed in a cloud of scalding steam.
You see here an iguana corpse.
The steam dragon bites you.
The steam dragon claws you but does no damage.
Casting: Necrotise (safe; 1% risk of failure)
Confirm with . or Enter, or press ? or * to list all spells.
Aiming: Vampiric Draining (dangerous; 6% risk of failure)
Press: ? - help, Shift-Dir - straight line, f/p - steam dragon
Aim: a steam dragon (heavily wounded, catching its breath)
You feel a surge of power!
You miscast Vampiric Draining.
You are very lightly contaminated with residual magic.
Nothing appears to happen.
You are engulfed in a cloud of scalding steam.
The steam dragon misses you.
The steam dragon claws you but does no damage.
Casting: Vampiric Draining (dangerous; 6% risk of failure)
Confirm with . or Enter, or press ? or * to list all spells.
Aiming: Vampiric Draining (dangerous; 6% risk of failure)
Press: ? - help, Shift-Dir - straight line, f/p - steam dragon
Aim: a steam dragon (heavily wounded, catching its breath)
You feel a surge of power!
You miscast Vampiric Draining.
Nothing appears to happen.
The steam dragon barely misses you.
The steam dragon claws you but does no damage.
Unknown command.
You barely miss the steam dragon.
The steam dragon is heavily wounded.
The steam dragon bites you but does no damage.
The steam dragon claws you but does no damage.
The steam dragon breathes steam at you. The ball of steam hits you!!
The steam scalds you terribly!
You die...

...............
...............
...............
#..............
#...........
####........ ###
##...#....#
##..#### ##D...#
####
#)....~####†@.#..#
#...†..##...###.#
#..........## ..#
##.......!## ..#
##.......## #.#
#........# ..
###.......#
##..#......##
##..###......#


You could see a steam dragon (catching breath).

Vanquished Creatures
  Sigmund (D:3)
  Edmund (D:4)
  2 sky beasts (D:6)
  An ogre (D:6)
  A centaur (D:6)
  2 bullfrogs
  2 scorpions
  A howler monkey (D:4)
  Crazy Yiuf (D:3)
  3 hounds
  2 jellies
  4 iguanas
  An orc wizard (D:4)
  Robin (D:3)
  8 adders
  2 gnolls
  An ufetubus (D:5)
  4 dart slugs
  10 orcs
  3 bats
  8 endoplasms
  4 giant cockroaches
  16 goblins
  6 hobgoblins
  9 jackals
  5 kobolds
  3 quokkas
  3 ball pythons
  4 frilled lizards
  7 rats
116 creatures vanquished.

Vanquished Creatures (collateral kills)
  A gnoll (D:2)
  A worm (D:4)
  A giant cockroach (D:4)
  3 goblins
  A jackal (D:3)
  A ball python (D:3)
8 creatures vanquished.

Grand Total: 124 creatures vanquished

Notes
Turn   | Place    | Note
-------+----------+-------------------------------------------
     0 | D:1      | oldriver the Mummy Necromancer began the quest for the Orb.
     0 | D:1      | Reached XP level 1. HP: 13/13 MP: 4/4
   225 | D:1      | Reached skill level 3 in Spellcasting
   278 | D:1      | Reached skill level 1 in Fighting
   345 | D:1      | Reached XP level 2. HP: 21/21 MP: 4/6
   744 | D:1      | You fall into a shaft and drop 1 floor!
   753 | D:2      | Gained mutation: You are in touch with the powers of death.
                  | [Mummy growth]
   753 | D:2      | Reached XP level 3. HP: 16/27 MP: 1/8
  1479 | D:2      | Reached skill level 4 in Spellcasting
  1546 | D:2      | Reached XP level 4. HP: 34/34 MP: 2/10
  1917 | D:2      | Found Eboes's Antique Armour Boutique.
  2260 | D:3      | Found a faded altar of an unknown god.
  2503 | D:3      | Noticed Robin
  2507 | D:3      | Killed Robin
  2734 | D:3      | Found a runed translucent door.
  2735 | D:3      | Noticed Crazy Yiuf
  2831 | D:3      | Reached XP level 5. HP: 41/41 MP: 4/12
  2886 | D:3      | Reached skill level 5 in Spellcasting
  2971 | D:3      | Noticed Sigmund
  2978 | D:3      | Found a broken altar of Ashenzari.
  3057 | D:3      | Learned a level 3 spell: Vampiric Draining
  3062 | D:3      | Learned a level 4 spell: Animate Dead
  3065 | D:3      | Learned a level 2 spell: Call Imp
  3241 | D:3      | Found a basalt altar of Yredelemnul.
  3439 | D:3      | Killed Sigmund
  3440 | D:3      | Reached skill level 6 in Spellcasting
  3440 | D:3      | Reached XP level 6. HP: 46/48 MP: 0/15
  3963 | D:4      | Noticed Edmund
  3985 | D:4      | Killed Edmund
  3986 | D:4      | Reached skill level 5 in Fighting
  3986 | D:4      | Reached skill level 7 in Spellcasting
  3986 | D:4      | Reached XP level 7. HP: 43/56 MP: 0/17
  4385 | D:3      | Killed Crazy Yiuf
  5075 | D:5      | Entered Level 5 of the Dungeon
  5337 | D:5      | Reached skill level 1 in Armour
  5449 | D:5      | Reached skill level 1 in Summonings
  5795 | D:6      | Noticed a steam dragon
  5824 | D:6      | Found Himar's Jewellery Shop.
  5834 | D:6      | Reached XP level 8. HP: 64/64 MP: 9/19
  6036 | D:6      | Reached skill level 8 in Spellcasting
  6294 | D:6      | Killed from afar by a steam dragon

Illustrated notes

Levels and vault maps discovered:
D:1:      erik_arrival_cave_to_civilisation [erik_arrival_cave_to_hall],
          layout_basic, chequers_decorated_corner
D:2:      layout_basic, serial_shops, nicolae_square_shop,
          kennysheep_generic_room_9
D:3:      layout_rooms, lemuel_coloured_pillars_altar,
          nicolae_ashenzari_panopticon, chequers_ecumenical_altar_island,
          uniq_sigmund, uniq_robin, uniq_crazy_yiuf_cottage
D:4:      layout_basic, uniq_edmund
D:5:      layout_cave_pools, kennysheep_generic_room_11
D:6:      layout_cave_pods, minmay_temple_entry_crystal_x, serial_shops,
          nicolae_shop_competitors_out_of_business, water_maze_lemuel,
          uniq_pikel

Skill      XL: |  1  2  3  4  5  6  7  8 |
---------------+-------------------------+-----
Spellcasting   | 3 4 6 7 8 |  8.3
Fighting       | 1 2 3 4 5 6 |  6.4
Armour         | 1 2 |  2.5
Summonings     | 1 2 |  2.4
Dodging        | |  1.5
Stealth        | |  1.5
Necromancy     | |  4.0

Action                   |  1- 3 |  4- 6 |  7- 9 || total
-------------------------+-------+-------+-------++-------
Melee: Unarmed           |     3 |       |       ||     3
       Flail             |     1 |    10 |       ||    11
       Dire flail        |       |       |    15 ||    15
 Cast: Necrotise         |    50 |   104 |    79 ||   233
       Vampiric Draining |       |     7 |    18 ||    25
       Call Imp          |       |     4 |       ||     4
  Use: Scroll            |       |     7 |     1 ||     8
Armor: Robe              |     2 |    15 |     2 ||    19
       Animal skin       |       |       |    28 ||    28
Dodge: Dodged            |     7 |    38 |    49 ||    94

Table legend: (Time is in decaauts)
 A = Elapsed time spent in this place.
 B = Non-inter-level travel time spent in this place.
 C = Inter-level travel time spent in this place.
 D = Time resting spent in this place.
 E = Time spent auto-exploring this place.
 F = Levels seen in this place.
 G = Mean time per level.
                   A        B        C        D        E       F      G
               +--------+--------+--------+--------+--------+-----+--------+
         Total |   6313 |   5985 |    328 |    815 |   4225 |   6 | 1052.2 |
       Dungeon |   6313 |   5985 |    328 |    815 |   4225 |   6 | 1052.2 |
               +--------+--------+--------+--------+--------+-----+--------+

Top non-repeatable levels by time:
     D:3: 1507 daAuts
     D:1: 1402 daAuts
     D:4: 1212 daAuts
     D:2: 969 daAuts
     D:5: 728 daAuts
     D:6: 493 daAuts
